 Dungeon Crawl Stone Soup version 0.28.0-43-g3370ac3207 (webtiles) character file.

Game seed: 5867520431163541877

86 Faeu the Skirmisher (level 4, 41/41 HPs)
             Began as a Minotaur Fighter on Mar 27, 2022.
             Was an Initiate of Ashenzari.
             Quit the game on level 2 of the Dungeon.
             The game lasted 00:06:50 (1667 turns).

Faeu the Skirmisher (Minotaur Fighter)              Turns: 1667, Time: 00:06:50

Health: 41/41      AC:  7    Str: 23    XL:     4   Next: 26%
Magic:  3/3        EV:  9    Int:  5    God:    Ashenzari [......]
Gold:   54         SH:  4    Dex:  9    Spells: 3/3 levels left

rFire   . . .      SeeInvis .   a - +0 long sword {long}
rCold   . . .      Faith    .   c - +0 buckler
rNeg    . . .      Spirit   .   b - +0 scale mail
rPois   .          Reflect  .   (helmet restricted)
rElec   .          Harm     .   (no cloak)
rCorr   +          Rampage  .   (no gloves)
Will    .....                   (no boots)
Stlth   ..........              (no amulet)
HPRegen 0.13/turn               i - ring of resist corrosion
MPRegen 0.08/turn               (no ring)

@: no status effects
A: horns 2, retaliatory headbutt
a: Renounce Religion, Curse Item


You were on level 2 of the Dungeon.
You worshipped Ashenzari.
Ashenzari was noncommittal.
You visited 1 branch of the dungeon, and saw 2 of its levels.

You collected 54 gold pieces.


Innate Abilities, Weirdness & Mutations

You have a pair of horns on your head.
You reflexively headbutt those who attack you in melee.


   Skills:
 + Level 4.5 Fighting
 + Level 3.4 Long Blades
 + Level 4.3 Armour
 + Level 4.3 Shields


You had 3 spell levels left.
You didn't know any spells.
Your spell library contained the following spells:

 Spells                   Type           Power      Damage    Failure   Level
 Ozocubu's Armour         Ice            0%         N/A       99%         3
 Ozocubu's Refrigeration  Ice            0%         4d5       100%        7

Inventory:

Hand Weapons
 a - a +0 long sword (weapon) {long}
Armour
 b - a +0 scale mail (worn)
 c - a +0 buckler (worn)
Jewellery
 i - a ring of resist corrosion (left hand)
   (You found it on level 1 of the Dungeon)
Scrolls
 e - a scroll of vulnerability {unknown}
 f - a scroll of acquirement {unknown}
 h - 4 scrolls of identify {unknown}
 j - a scroll of enchant weapon {unknown}
 l - a scroll of teleportation {unknown}
Potions
 d - a potion of might
 g - a potion of degeneration {unknown}
 k - a potion of heal wounds {@q2}

Dungeon Overview and Level Annotations

Branches:
Dungeon (2/15)

Altars:
Ashenzari
The Shining One

..#.# ###.#
#..g.
..#.#######
###l..
#.#........
..#... ##
...........
#.#.. #.
#.####.....
#.#.. #. #.#
.#### #.#.#
#. ..# .#
#.#.#
######.
######.#
#.#@##
#......
.......#
#....##
#......
.......#
#.....#
#..[...
.......#####
#.....#
#......
...........#
#.....#
....#####.
.....#####.#
#.....# ###
#. .....#
#.# #.....#.
## #....#
#.# #.....#.
#####
#....#####.#
#.....#.
#....


You could see a hobgoblin (wandering) and a frilled lizard.


Message History

You kill the gnoll!
A gnoll comes into view. It is wielding a +0 spear.
The frilled lizard hisses angrily.
The gnoll shouts!
The gnoll closely misses you.
There is an open door here.
Things that are here:
a +0 whip {mace}; a gnoll corpse You block the gnoll's attack.
The gnoll hits you from afar with a +0 halberd! 😕 HP[-7]
You take 7 damage, and now have 26/33 hp.
MASSIVE DAMAGE!! (PAUSE)
A gnoll opens the door.
The gnoll closely misses you.
The gnoll hits you with a +0 halberd. 😕 HP[-1]
You take 1 damage, and now have 25/33 hp.
You hit the gnoll. The gnoll hits you with a +0 halberd.
You block the gnoll's attack. 😮 HP[-4]
You take 4 damage, and now have 21/33 hp.
You slash the gnoll! You headbutt the gnoll.
You kill the gnoll!
The gnoll hits you but does no damage.
You now have 34 max hp (+1).
You hit the gnoll. You headbutt the gnoll.
The gnoll hits you but does no damage. x2; The gnoll hits you with a +0 whip.
The gnoll hits you but does no damage. 😮 HP[-3]
You take 3 damage, and now have 18/34 hp.
You hit the gnoll but do no damage. You headbutt the gnoll.
The gnoll hits you with a +0 whip.
* * * LOW HITPOINT WARNING * * *
The gnoll hits you from afar with a +0 spear.
* * * LOW HITPOINT WARNING * * *
😨 HP[-3]
You take 3 damage, and now have 15/34 hp.
You slash the gnoll!
You kill the gnoll!
The gnoll hits you but does no damage.
You have reached level 4!
You feel stronger. 😨 HP[+3] MP[+1]
You now have 41 max hp (+7).
You regained 3 hp, and now have 18/41 hp.
Your mp is fully restored (3).
Things that are here:
a +0 whip {mace}; a gnoll corpse The gnoll barely misses you.
The frilled lizard bites you but does no damage.
You completely miss the frilled lizard.
The gnoll hits you from afar with a +0 spear.
* * * LOW HITPOINT WARNING * * *
The frilled lizard bites you.
* * * LOW HITPOINT WARNING * * *
The gnoll hits you from afar with a +0 spear.
* * * LOW HITPOINT WARNING * * *
😱 HP[-8]
You take 8 damage, and now have 10/41 hp.
Things that are here:
a +0 whip {mace}; a gnoll corpse You miss the frilled lizard.
The frilled lizard bites you but does no damage.
The frilled lizard barely misses you.
You slash the frilled lizard!
You kill the frilled lizard!
There is an open door here.
It was a potion of heal wounds.
You feel much better. 😮 HP[+18]
You regained 18 hp, and now have 28/41 hp. 😮 HP[+1]
You block the gnoll's attack.
There is an open door here.
You hit the gnoll. The gnoll hits you but does no damage.
You closely miss the gnoll. Your headbutt misses the gnoll.
The gnoll barely misses you.
You slash the gnoll!
You kill the gnoll!
Things that are here:
a +0 spear {polearm}; a gnoll corpse
Things that are here:
a +0 whip {mace}; a gnoll corpse You see here a frilled lizard corpse.
There is an open door, spattered with blood here.
Items here: )) ††. 😎 HP[+12]
Okay, then.
You open the door.
There is an open door here.
Ashenzari invites you to partake of a vision and a curse of fortitude and introspection.
You open the door.
There is an open door here.
You open the door.
A frilled lizard comes into view.
The frilled lizard hisses angrily.
A hobgoblin comes into view.
There is an open door here.
There are monsters nearby!
Unknown command.
Unknown command.
Are you sure you want to abandon this character and quit the game? (Confirm with "yes".)

Skill      XL: |  1  2 |
---------------+-------+-----
Fighting       | 4 |  4.5
Shields        | 4 |  4.3
Armour         | 4 |  4.3
Long Blades    | 3 |  3.4

Action                   |  1- 3 |  4- 6 || total
-------------------------+-------+-------++-------
Melee: Long sword        |    77 |     6 ||    83
       Headbutt          |    15 |       ||    15
  Use: Potion            |       |     1 ||     1
Armor: Scale mail        |    49 |     3 ||    52
Dodge: Dodged            |    36 |     3 ||    39
Block: Buckler           |    23 |     1 ||    24

Levels and vault maps discovered:
D:1:      erik_arrival_triangle_small, layout_basic,
          chequers_ecumenical_altar_simple_redux, serial_park_tiny_pond
D:2:      layout_basic, basic_altar

Notes
Turn   | Place    | Note
-------+----------+-------------------------------------------
     0 | D:1      | Faeu the Minotaur Fighter began the quest for the Orb.
     0 | D:1      | Reached XP level 1. HP: 19/19 MP: 0/0
     0 | D:1      | magus.rc [v1.9.6]
    51 | D:1      | Reached XP level 2. HP: 17/27 MP: 1/1
   359 | D:1      | Reached skill level 4 in Fighting
   391 | D:1      | Reached skill level 4 in Shields
   403 | D:1      | Found a faded altar of an unknown god.
   416 | D:1      | Prayed at the altar of an unknown god.
   416 | D:1      | Became a worshipper of Ashenzari the Shackled
   422 | D:1      | Reached skill level 4 in Armour
   440 | D:1      | Reached skill level 3 in Long Blades
   440 | D:1      | Reached XP level 3. HP: 26/33 MP: 2/2
  1092 | D:2      | Found a glowing golden altar of the Shining One.
  1242 | D:2      | You add the spells Ozocubu's Armour and Ozocubu's
                  | Refrigeration to your library.
  1523 | D:2      | Reached XP level 4. HP: 18/41 MP: 3/3
  1526 | D:2      | HP: 10/41 [gnoll/+0 spear (4)]
  1667 | D:2      | Quit the game

Vanquished Creatures
  4 gnolls (D:2)
  A worm (D:2)
  2 dart slugs (D:1)
  4 ball pythons
  4 bats
  2 endoplasms (D:1)
  2 giant cockroaches (D:1)
  2 hobgoblins (D:1)
  2 kobolds (D:2)
  3 quokkas
  A frilled lizard (D:2)
  7 goblins
  4 rats (D:1)
38 creatures vanquished.

Table legend:
 A = Non-vault XP
 B = Vault XP
 C = Vault XP percentage of total XP
 D = Non-vault monster count
 E = Vault monster count
 F = Vault count percentage of total count
                 A         B        C        D         E       F
            +---------+---------+-------+---------+---------+-------
      Total |     123 |       0 |   0.0 |      38 |       0 |   0.0
            +---------+---------+-------+---------+---------+-------
        D:1 |      48 |       0 |   0.0 |      25 |       0 |   0.0
        D:2 |      75 |       0 |   0.0 |      13 |       0 |   0.0
            +---------+---------+-------+---------+---------+-------

Illustrated notes

Table legend:
 A = Kills in this place as a percentage of kills in entire the game.
 B = Kills by you in this place as a percentage of kills by you in the entire game.
 C = Kills by friends in this place as a percentage of kills by friends in the entire game.
 D = Other kills in this place as a percentage of other kills in the entire game.
 E = Experience gained in this place as a percentage of experience gained in the entire game.
 F = Experience gained in this place divided by the number of levels of this place that you have seen.
                   A       B       C       D       E      F
               +-------+-------+-------+-------+-------+----------------------
         Total | 100.0 | 100.0 |   N/A |   N/A | 100.0 |  61.5
       Dungeon | 100.0 | 100.0 |   N/A |   N/A | 100.0 |  61.5
               +-------+-------+-------+-------+-------+----------------------

Table legend: (Time is in decaauts)
 A = Elapsed time spent in this place.
 B = Non-inter-level travel time spent in this place.
 C = Inter-level travel time spent in this place.
 D = Time resting spent in this place.
 E = Time spent auto-exploring this place.
 F = Levels seen in this place.
 G = Mean time per level.
                   A        B        C        D        E       F      G
               +--------+--------+--------+--------+--------+-----+--------+
         Total |   1690 |   1670 |     20 |      0 |   1294 |   2 |  845.0 |
       Dungeon |   1690 |   1670 |     20 |      0 |   1294 |   2 |  845.0 |
               +--------+--------+--------+--------+--------+-----+--------+

Top non-repeatable levels by time:
     D:1: 962 daAuts
     D:2: 728 daAuts
